 Dungeon Crawl Stone Soup version 0.29-a0-902-g0f71de6fce (webtiles) character file.

Game seed: 13955095851927026984

25 marietta the Trooper (level 2, 25/25 HPs)
             Began as a Palentonga Fighter on Sept 4, 2021.
             Got out of the dungeon alive.
             The game lasted 00:01:20 (935 turns).

marietta the Trooper (Palentonga Fighter)            Turns: 935, Time: 00:01:20

Health: 25/25      AC:  6    Str: 19    XL:     2   Next: 82%
Magic:  2/2        EV:  7    Int:  8    God:
Gold:   13         SH:  4    Dex:  9    Spells: 1/1 levels left

rFire   . . .      SeeInvis +   g - +2 dagger (venom)
rCold   . . .      Faith    .   c - +0 buckler
rNeg    . . .      Spirit   .   b - +0 scale mail
rPois   .          Reflect  .   (no helmet)
rElec   .          Harm     .   (no cloak)
rCorr   .          Rampage  .   (no gloves)
Will    .....                   (no barding)
Stlth   ..........              (no amulet)
HPRegen 0.08/turn               (no ring)
MPRegen 0.08/turn               (no ring)

@: no status effects
A: large, rugged brown scales 3, see invisible, deformed body, roll 1, armoured
tail
a: Rolling Charge


You escaped.
You visited 1 branch of the dungeon, and saw 1 of its levels.

You collected 13 gold pieces.

Inventory:

Hand Weapons
 a - a +0 war axe
 g - a +2 dagger of venom (weapon)
Armour
 b - a +0 scale mail (worn)
 c - a +0 buckler (worn)
Scrolls
 e - a scroll of identify {unknown}
 h - a scroll of enchant weapon {unknown}
 i - a scroll of magic mapping {unknown}
Potions
 d - a potion of might
 f - a potion of heal wounds {unknown}
 j - a potion of flight {unknown}


   Skills:
 + Level 3.2 Fighting
 * Level 2.6 Axes
 + Level 2.6 Armour
 + Level 2.9 Shields


You had one spell level left.
You didn't know any spells.
Your spell library was empty.

Dungeon Overview and Level Annotations

Branches:
Dungeon (1/15)

Altars:

Shops:
D:1 :


Innate Abilities, Weirdness & Mutations

You are completely covered in rugged brown scales. (AC +3, +7% HP)
You have supernaturally acute eyesight. (SInv)
Armour fits poorly on your strangely shaped body.
You can roll at nearby foes to attack.
You have a long armoured tail.


Message History

You closely miss the bat. The bat hits you but does no damage.
No target in view!
No target in view!
No target in view!
Found Kobbom's Book Shoppe.
j - a ruby potion The bat hits you but does no damage.
You miss the bat. The bat hits you but does no damage.
A bat is nearby!
The bat hits you but does no damage.
A bat is nearby!
You barely miss the bat.
Your tail-slap misses the bat.
The bat barely misses you. The bat hits you.
There is an entrance to Kobbom's Book Shoppe here.
The bat hits you but does no damage.
A bat is nearby!
A bat is nearby!
A bat is nearby!
You hit the bat.
You kill the bat!
No target in view!
No target in view!
No target in view!
No target in view!
Welcome back, marietta the Palentonga Fighter.
Press ? for a list of commands and other information.
(D) Dungeon
Where to? (? - help)
Okay, then.
There is an entrance to Kobbom's Book Shoppe here.
HP restored.
Things that are here:
2 stones; a +0 club; a +0 club
There is a fountain of clear blue water here.
There is a staircase leading out of the dungeon here.
Are you sure you want to leave the Dungeon?
This will make you lose the game!
Uppercase [Y]es or [N]o only, please.
Are you sure you want to leave the Dungeon?
This will make you lose the game!
You have escaped!

####### #.....# #.....#####
###########....†....#
................###.#
..##♣♣♣.♣♣♣##...###.# ♣⌠♣
#.......#
###...♣♣♣♣♣.♣♣♣♣♣.......#
#........⌠.@.⌠..........# #
#.##..♣♣♣♣♣.♣♣♣♣♣.......# #.
#.##..# ♣⌠♣ #.......#
#.##.##..##♣♣♣.♣♣♣##.......#
#....##....................#
#....###..####.............#
###..........>.>.......#.###.#
#....(÷#########.#######.# .#
#.......########.........# .


There were no monsters in sight!

Vanquished Creatures
  A dart slug (D:1)
  A ball python (D:1)
  2 giant cockroaches (D:1)
  3 goblins (D:1)
  3 hobgoblins (D:1)
  4 jackals (D:1)
  A kobold (D:1)
  A quokka (D:1)
  2 bats (D:1)
  A rat (D:1)
19 creatures vanquished.

Notes
Turn   | Place    | Note
-------+----------+-------------------------------------------
     0 | D:1      | marietta the Palentonga Fighter began the quest for the
                  | Orb.
     0 | D:1      | Reached XP level 1. HP: 19/19 MP: 1/1
   537 | D:1      | Reached XP level 2. HP: 19/25 MP: 2/2
   873 | D:1      | Found Kobbom's Book Shoppe.
   881 | D:1      | Upgraded the game from 0.28-a0-390-gb254ac4902 to
                  | 0.29-a0-902-g0f71de6fce
   935 | D:$      | Got out of the dungeon alive.

Illustrated notes

Levels and vault maps discovered:
D:1:      scummos_arrival_forest, layout_loops_ring,
          shapermc_ecumenical_altar_mp_highgroup, serial_shops,
          nicolae_shop_crystal

Action                   || total
-------------------------++-------
Melee: War axe           ||    14
       Dagger            ||    46
       Tailslap          ||     3
 Abil: Rolling Charge    ||     1
Armor: Scale mail        ||    33
Dodge: Dodged            ||    23
Block: Buckler           ||    10

Table legend: (Time is in decaauts)
 A = Elapsed time spent in this place.
 B = Non-inter-level travel time spent in this place.
 C = Inter-level travel time spent in this place.
 D = Time resting spent in this place.
 E = Time spent auto-exploring this place.
 F = Levels seen in this place.
 G = Mean time per level.
                   A        B        C        D        E       F      G
               +--------+--------+--------+--------+--------+-----+--------+
         Total |    940 |    887 |     53 |    555 |    196 |   1 |  940.0 |
       Dungeon |    940 |    887 |     53 |    555 |    196 |   1 |  940.0 |
               +--------+--------+--------+--------+--------+-----+--------+

Top non-repeatable levels by time:
     D:1: 940 daAuts
